 Dungeon Crawl Stone Soup version 0.30-a0-121-gb27577e5d9 (webtiles) character file.

Game seed: 12006631969604862394

8873 DEFE the Cleaver (level 11, 0/97 HPs)
             Began as a Meteoran Fighter on Sept 14, 2022.
             Was a Priest of Makhleb.
             Slain by a five-headed hydra (3 damage)
             ... on level 11 of the Dungeon.
             The game lasted 00:12:22 (5821 turns).

DEFE the Cleaver (Meteoran Fighter)                 Turns: 5821, Time: 00:12:23

Health: 0/97       AC: 16    Str: 22    XL:     11   Next: 95%
Magic:  13/21      EV: 13    Int: 10    God:    Makhleb [***...]
Gold:   371        SH:  5    Dex: 18    Spells: 10/10 levels left

rFire   + . .      SeeInvis +    B - +9 short sword "Feothruo" {elec, rF+ MP+9 Dex+4}
rCold   + . .      Faith    .    c - +0 buckler
rNeg    . . .      Spirit   .    y - +1 scale mail of Lytrait {+Inv rPois rC+}
rPois   +          Reflect  .    n - +2 helmet {SInv}
rElec   .          Harm     .    w - +0 cloak {rPois}
rCorr   .          Rampage  .    E - +0 pair of gloves
Will    +....                    (no boots)
Stlth   ..........               h - amulet of the acrobat
HPRegen 0.26/turn                k - +4 ring of evasion
MPRegen 0.17/turn                (no ring)

@: mighty, glowing
A: sense surroundings 2, otherworldly, glowing, explore regen
a: Renounce Religion, Evoke Invisibility, Minor Destruction, Lesser Servant of
Makhleb


You were on level 11 of the Dungeon.
You worshipped Makhleb.
Makhleb was most pleased with you.
You visited 1 branch of the dungeon, and saw 11 of its levels.

You collected 481 gold pieces.
You spent 110 gold pieces at shops.

Inventory:

Hand Weapons
 a - a +0 war axe
 B - the +9 short sword "Feothruo" (weapon) {elec, rF+ MP+9 Dex+4}
   (You found it on level 6 of the Dungeon)

   It occasionally discharges a powerful burst of electricity upon striking a
   foe.
   Dex:       It affects your dexterity (+4).
   rF:        It protects you from fire.
   MP:        It affects your magic capacity (+9).
 K - a +0 battleaxe
Missiles
 e - 6 javelins
Armour
 b - a +0 scale mail
 c - a +0 buckler (worn)
 f - a +0 pair of boots
 n - a +2 helmet of see invisible (worn)
 p - a +2 pair of boots
 v - the +3 robe of Clouds {*Thunder rCloud rElec}
   (You took it off a goblin on level 4 of the Dungeon)

   It occasionally creates storm clouds above nearby enemies.
   It grants its wearer immunity to clouds.
   rElec:     It insulates you from electricity.
 w - a +0 cloak of poison resistance (worn)
 y - the +1 scale mail of Lytrait (worn) {+Inv rPois rC+}
   (You found it on level 6 of the Dungeon)

   rC:        It protects you from cold.
   rPois:     It protects you from poison.
   +Inv:      It lets you turn invisible.
 E - a +0 pair of gloves (worn)
 H - a +0 plate armour
 N - a +0 troll leather armour
Jewellery
 h - an amulet of the acrobat (around neck)
 k - a +4 ring of evasion (left hand)
 D - a ring of ice
 G - a ring of fire
 P - a ring of wizardry
Wands
 z - a wand of iceblast (10)
 J - a wand of polymorph (21)
 O - a wand of flame (9)
Scrolls
 g - 2 scrolls of magic mapping
 i - 3 scrolls of summoning
 l - 6 scrolls of teleportation
 q - a scroll of immolation
 u - 2 scrolls of enchant armour
 C - 4 scrolls of vulnerability
 L - a scroll of blinking
Potions
 j - a potion of degeneration {unknown}
 m - 2 potions of mutation {unknown}
 o - 2 potions of attraction {unknown}
 r - a potion of ambrosia {unknown}
 s - a potion of resistance {unknown}
 t - a potion of magic {unknown}
 x - 3 potions of haste {unknown}
 F - 3 potions of brilliance {unknown}
 I - a potion of curing {unknown}
 M - a potion of lignification {unknown}


   Skills:
 + Level 9.5 Fighting
 * Level 13.8 Axes
 + Level 10.4 Armour
 - Level 3.6 Shields
 + Level 7.5 Evocations


You had 10 spell levels left.
You didn't know any spells.
Your spell library contained the following spells:

 Spells                   Type           Power      Damage    Failure   Level
 Apportation              Tloc           0%         N/A       73%         1
 Cigotuvi's Dreadful Rot  Necr/Pois/Air  0%         N/A       86%         2
 Poisonous Vapours        Pois/Air       0%         N/A       86%         2
 Wereblood                Tmut           0%         N/A       86%         2
 Ignite Poison            Fire/Tmut/Pois 0%         N/A       97%         3
 Stone Arrow              Conj/Erth      0%         3d7       97%         3
 Animate Armour           Summ/Erth      0%         N/A       100%        4
 Ice Form                 Ice/Tmut       0%         N/A       100%        4
 Alistair's Intoxication  Tmut/Pois      0%         N/A       100%        5
 Blade Hands              Tmut           0%         N/A       100%        5
 Lehudib's Crystal Spear  Conj/Erth      0%         10d2      100%        8


Dungeon Overview and Level Annotations

Branches:
Dungeon (11/15) Zot: 716   Temple (0/1) D:5             Orc (0/2) D:10
   Lair: D:8-11

Altars:
Ashenzari
Dithmenos
Makhleb
Qazlal
Ru
Trog
Uskayaw
The Shining One

Shops:
D:2 (   D:4 [   D:5 *

Annotations:
D:7 1 runed translucent door, tensugalgo's ghost, amateur FeCK
D:8 3 runed translucent doors, BritishOli's ghost, novice DsFi


Innate Abilities, Weirdness & Mutations

You passively map the area around you.
You are easily found by Zot.
You glow in the dark.
You regain HP and MP as you explore.


Message History

The five-headed hydra bites you but does no damage. x4
You take 4 damage, and have 57/97 hp.
Unknown command.
You puncture the five-headed hydra!
The five-headed hydra bites you but does no damage.
The five-headed hydra bites you!
The five-headed hydra bites you but does no damage. x2
The five-headed hydra bites you!
You take 23 damage, and have 34/97 hp.
MASSIVE DAMAGE!!
Unknown command.
You puncture the five-headed hydra! The five-headed hydra bites you!
* * * LOW HITPOINT WARNING * * *
The five-headed hydra bites you.
* * * LOW HITPOINT WARNING * * *
The five-headed hydra bites you but does no damage.
You block the five-headed hydra's attack.
The five-headed hydra bites you!
* * * LOW HITPOINT WARNING * * *
The orc wizard mumbles some strange words.
The orc wizard flickers and vanishes for a moment.
You take 24 damage, and have 10/97 hp.
MASSIVE DAMAGE!!
Aim: a five-headed hydra (heavily wounded, chance to affect: 32%)
The five-headed hydra easily resists.
The five-headed hydra bites you but does no damage.
The five-headed hydra bites you.
* * * LOW HITPOINT WARNING * * *
The five-headed hydra closely misses you.
The five-headed hydra bites you but does no damage. x2
You take 2 damage, and have 8/97 hp.
Unknown command.
Unknown command.
Unknown command.
Aim: a five-headed hydra (heavily wounded, chance to affect: 32%)
The five-headed hydra easily resists.
The now-empty wand crumbles to dust.
The five-headed hydra misses you. The five-headed hydra bites you.
* * * LOW HITPOINT WARNING * * *
The five-headed hydra bites you.
You die...

* , * , , , * .., ,.## , *
,,... ..## ^ ,* * #.##
#..# ** * ,* #...*#..## *,
#....#...# * *### *
#...W#..^# , , ..# ,
#!..oD...## , #.# , * *
#@...# ** #.# *,, #....#,
.# *,* #.# ,
..####....#...## * ###.###
................ *
......###########.########
*,, ....#......#####..# *,
.................## ,
.....#.....#######
.....#.....# ,


You could see a five-headed hydra, a shadow (invisible) and an orc wizard
(invisible).

Vanquished Creatures
  Erolcha (D:9)
  2 two-headed ogres
  A deep elf zephyrmancer (D:6)
  A troll (D:10)
  2 wyverns
  9 yaks (D:10)
  A steam dragon (D:9)
  4 vampire mosquitoes (D:10)
  Menkaure (D:6)
  2 wargs (D:10)
  4 water moccasins
  5 ice beasts
  2 sky beasts
  2 ogres
  2 centaurs
  A phantom (D:6)
  4 kobold brigands
  3 bullfrogs
  A scorpion (D:6)
  7 wights
  6 killer bees (D:8)
  6 howler monkeys
  3 hounds
  3 orc priests
  3 iron imps (D:3)
  2 jellies
  2 iguanas
  6 orc wizards
  9 adders
  A shadow imp (D:7)
  A white imp (D:6)
  2 ufetubi
  2 worms
  4 dart slugs
  19 orcs
  9 ball pythons
  5 bats
  9 endoplasms
  6 giant cockroaches
  9 goblins
  4 hobgoblins
  5 jackals
  2 quokkas
  4 frilled lizards
  15 kobolds
  9 rats
201 creatures vanquished.

Vanquished Creatures (collateral kills)
  2 yaks (D:10)
  An orc priest (D:10)
3 creatures vanquished.

Grand Total: 204 creatures vanquished

Notes
Turn   | Place    | Note
-------+----------+-------------------------------------------
     0 | D:1      | DEFE the Meteoran Fighter began the quest for the Orb.
     0 | D:1      | Reached XP level 1. HP: 19/19 MP: 2/2
   112 | D:1      | Reached XP level 2. HP: 26/26 MP: 3/3
   233 | D:1      | Reached skill level 3 in Axes
   309 | D:1      | Reached XP level 3. HP: 31/31 MP: 4/4
   354 | D:2      | Found Ewyammil's Weapon Shop.
   660 | D:2      | Reached XP level 4. HP: 31/40 MP: 5/5
   953 | D:3      | Reached skill level 4 in Axes
  1022 | D:3      | Reached XP level 5. HP: 46/46 MP: 6/6
  1278 | D:3      | Found a burning altar of Makhleb.
  1303 | D:3      | Reached skill level 5 in Axes
  1303 | D:3      | Reached XP level 6. HP: 41/53 MP: 7/7
  1310 | D:3      | Became a worshipper of Makhleb the Destroyer
  1569 | D:4      | Reached skill level 5 in Armour
  1801 | D:4      | Noticed an ogre
  1810 | D:4      | Killed an ogre
  1811 | D:4      | Reached skill level 6 in Axes
  1811 | D:4      | Reached XP level 7. HP: 38/60 MP: 8/8
  1951 | D:4      | Found Wupraow's Armour Shoppe.
  1961 | D:4      | Bought a +0 cloak of poison resistance for 110 gold pieces
  2118 | D:5      | Entered Level 5 of the Dungeon
  2204 | D:5      | Found a shadowy altar of Dithmenos.
  2318 | D:5      | Reached skill level 5 in Fighting
  2346 | D:5      | Reached * piety under Makhleb
  2367 | D:5      | Reached skill level 7 in Axes
  2371 | D:5      | Found a staircase to the Ecumenical Temple.
  2427 | D:5      | Reached XP level 8. HP: 69/69 MP: 9/9
  2477 | D:5      | Found Dusk's Serpentskin Sales.
  2501 | D:5      | Reached skill level 8 in Axes
  2547 | D:5      | Found a glowing golden altar of the Shining One.
  2610 | D:5      | Found a stormy altar of Qazlal.
  2815 | D:5      | Glimpsed the power of Zot.
  2849 | D:6      | Noticed Menkaure
  2862 | D:6      | Gained mutation: You passively map the area around you.
                  | [Meteoran growth]
  2862 | D:6      | Reached XP level 9. HP: 59/75 MP: 10/10
  2870 | D:6      | Killed Menkaure
  2958 | D:6      | Identified the +1 scale mail of Lytrait {+Inv rPois rC+}
  2993 | D:6      | Identified the +9 short sword "Feothruo" {elec, rF+ MP+9
                  | Dex+4}
  3010 | D:6      | Reached skill level 9 in Axes
  3064 | D:6      | Reached skill level 1 in Evocations
  3064 | D:6      | Found a glowing golden altar of the Shining One.
  3304 | D:6      | Noticed a deep elf zephyrmancer
  3312 | D:6      | Killed a deep elf zephyrmancer
  3313 | D:6      | Reached skill level 10 in Axes
  3407 | D:6      | Glimpsed the power of Zot.
  3440 | D:7      | Noticed tensugalgo's ghost (amateur FeCK)
  3544 | D:7      | Found a sacrificial altar of Ru.
  3547 | D:7      | Found a hide-covered altar of Uskayaw.
  3552 | D:7      | Found a bloodstained altar of Trog.
  3585 | D:7      | Noticed a two-headed ogre
  3594 | D:7      | Killed a two-headed ogre
  3595 | D:7      | Reached XP level 10. HP: 86/86 MP: 11/11
  3656 | D:7      | Reached skill level 11 in Axes
  3720 | D:7      | Reached ** piety under Makhleb
  3832 | D:7      | Found a runed translucent door.
  4092 | D:8      | Reached skill level 5 in Evocations
  4308 | D:8      | Found a runed translucent gate.
  4309 | D:8      | Found a runed translucent gate.
  4309 | D:8      | Found a runed translucent gate.
  4310 | D:8      | Noticed BritishOli's ghost (novice DsFi)
  4552 | D:9      | Noticed a two-headed ogre
  4570 | D:9      | Killed a two-headed ogre
  4571 | D:9      | Reached skill level 12 in Axes
  4571 | D:9      | Reached XP level 11. HP: 42/95 MP: 12/12
  4943 | D:9      | Noticed Erolcha
  4953 | D:9      | Killed Erolcha
  4964 | D:9      | Found a broken altar of Ashenzari.
  5014 | D:9      | Got the Octavo of the Secret Nights
  5039 | D:10     | Entered Level 10 of the Dungeon
  5084 | D:10     | Reached skill level 13 in Axes
  5123 | D:10     | Reached *** piety under Makhleb
  5128 | D:10     | Reached skill level 10 in Armour
  5415 | D:10     | Found a staircase to the Orcish Mines.
  5810 | D:11     | Noticed a four-headed hydra
  5821 | D:11     | HP: 3/97 [five-headed hydra (5)]
  5821 | D:11     | Slain by a five-headed hydra

Illustrated notes

Levels and vault maps discovered:
D:1:      giann_bridges, layout_basic
D:2:      layout_basic, serial_shops, nicolae_square_shop,
          minmay_randomly_rotated_circles
D:3:      layout_rooms, demons_altar, roderic_serpentine_path
D:4:      layout_rooms, serial_shops, nicolae_stop_n_shop_2
D:5:      layout_cave_pods, nicolae_dithmenos_shadow_blocks, temple_pool_b,
          hangedman_feature_mirror, guppyfry_shop_venom
D:6:      layout_rooms, old_standard_altar, nrook_campfire,
          guppyfry_early_elven_hall, uniq_menkaure
D:7:      layout_rooms, grunt_temple_overflow_diamond, minitemple,
          hellmonk_ghost_happy_afterlife
D:8:      layout_loops_corners, ebering_ghost_rock_garden
D:9:      layout_loops_ring, mainiacjoe_overflow_24_doors, uniq_erolcha
D:10:     layout_long_grid, erik_orc_4
D:11:     minmay_recursive_quarters, layout_basic, dpeg_lair_monsters,
          uniq_snorg, uniq_erica, uniq_nergalle

Skill      XL: |  1  2  3  4  5  6  7  8  9 10 11 |
---------------+----------------------------------+-----
Axes           | 3 4 5 6 7 8 10 12 13 | 13.8
Armour         | 4 5 6 8 9 10 | 10.4
Fighting       | 4 5 6 7 8 9 |  9.5
Evocations     | 4 5 7 |  7.5
Shields        | |  3.6

Action                   |  1- 3 |  4- 6 |  7- 9 | 10-12 || total
-------------------------+-------+-------+-------+-------++-------
Melee: War axe           |    63 |   145 |   176 |   347 ||   731
       Short sword       |       |       |       |     3 ||     3
Throw: Javelin           |       |     1 |       |       ||     1
       Dart              |       |       |     1 |       ||     1
Evoke: Wand              |       |       |     1 |     5 ||     6
  Use: Scroll            |       |       |     4 |     8 ||    12
       Potion            |       |       |     1 |     4 ||     5
 Stab: Paralysed         |       |       |     4 |     7 ||    11
Armor: Scale mail        |    23 |    76 |    76 |   184 ||   359
Dodge: Dodged            |    26 |   103 |   108 |   189 ||   426
Block: Buckler           |    11 |    28 |    52 |    68 ||   159

Table legend: (Time is in decaauts)
 A = Elapsed time spent in this place.
 B = Non-inter-level travel time spent in this place.
 C = Inter-level travel time spent in this place.
 D = Time resting spent in this place.
 E = Time spent auto-exploring this place.
 F = Levels seen in this place.
 G = Mean time per level.
                   A        B        C        D        E       F      G
               +--------+--------+--------+--------+--------+-----+--------+
         Total |   5882 |   5568 |    314 |    402 |   3553 |  11 |  534.7 |
       Dungeon |   5882 |   5568 |    314 |    402 |   3553 |  11 |  534.7 |
               +--------+--------+--------+--------+--------+-----+--------+

Top non-repeatable levels by time:
     D:5: 729 daAuts
    D:10: 683 daAuts
     D:8: 675 daAuts
     D:3: 638 daAuts
     D:2: 621 daAuts
     D:6: 614 daAuts
     D:4: 579 daAuts
     D:9: 503 daAuts
     D:7: 412 daAuts
     D:1: 347 daAuts
    D:11: 75 daAuts
